 Dungeon Crawl Stone Soup version 0.23-a0-32-g1388f29 (webtiles) character file.

0 glosham the Skirmisher (level 1, -1/19 HPs)
             Began as a Hill Orc Abyssal Knight on Aug 4, 2018.
             Was a Follower of Lugonu.
             Slain by an orange demon (5 damage)
             ... on level 1 of the Abyss.
             The game lasted 00:01:43 (79 turns).

glosham the Skirmisher (Hill Orc Abyssal Knight)      Turns: 79, Time: 00:01:44

Health: -1/19      AC:  3    Str: 14    XL:     1   Next: 0%
Magic:  2/2        EV: 11    Int: 12    God:    Lugonu [*.....]
Gold:   0          SH:  0    Dex: 10    Spells: 0/0 levels left

rFire    . . .     SeeInvis .   a - +1 hand axe
rCold    . . .     Gourm    .   (no shield)
rNeg     . . .     Faith    .   b - +0 leather armour
rPois    .         Spirit   .   (no helmet)
rElec    .         Reflect  .   (no cloak)
rCorr    .         Harm     .   (no gloves)
MR       +....                  (no boots)
Stlth    +.........             (no amulet)
HPRegen  0.06/turn              A - ring of protection from magic
MPRegen  0.08/turn              (no ring)

@: no status effects
A: no striking features
a: Depart the Abyss, Renounce Religion


You were on level 1 of the Abyss.
You worshipped Lugonu.
Lugonu was aware of your devotion.
You were not hungry.

You visited 0 branches of the dungeon, and saw 0 of its levels.
You visited the Abyss 1 time.

Inventory:

Hand Weapons
 a - a +1 hand axe (weapon)
Armour
 b - a +0 leather armour (worn)
Jewellery
 A - a ring of protection from magic (left hand)
Comestibles
 c - a ration


   Skills:
 * Level 3.6 Fighting
 - Level 2.6 Axes
 - Level 2.1 Armour
 - Level 0.7 Dodging
 - Level 2.4 Invocations


You couldn't memorise any spells.
You didn't know any spells.
Your spell library was empty.

Dungeon Overview and Level Annotations

Branches:
Dungeon (0/15)

Altars:


Message History

A starspawn tentacle comes into view.
A tentacle flies out from the starspawn's body!
The starspawn tentacle moves out of view.
A starspawn tentacle comes into view.
The ufetubus closely misses you. The ufetubus hits you.
The ufetubus closely misses you. The ufetubus barely misses you.
It was a potion of magic.
Magic courses through your body. The ufetubus misses you.
The ufetubus hits you.
You hit the ufetubus.
The ufetubus is heavily wounded.
The ufetubus closely misses you. The ufetubus misses you.
The ufetubus closely misses you. The ufetubus barely misses you.
A tentacle flies out from the starspawn's body!
A starspawn tentacle comes into view.
You closely miss the ufetubus.
The ufetubus is heavily wounded.
The ufetubus hits you but does no damage.
The ufetubus hits you. The ufetubus barely misses you. x2
You barely miss the ufetubus.
The ufetubus is moderately wounded.
The ufetubus closely misses you. The ufetubus barely misses you.
You closely miss the ufetubus.
The ufetubus is moderately wounded.
The ufetubus hits you but does no damage.
The ufetubus closely misses you. The orange demon stings you from afar.
The ufetubus closely misses you. The ufetubus misses you.
You closely miss the ufetubus.
The ufetubus is moderately wounded.
The ufetubus closely misses you. The ufetubus barely misses you. x2
The ufetubus hits you.
* * * LOW HITPOINT WARNING * * *
You barely miss the ufetubus.
The ufetubus is moderately wounded.
The ufetubus hits you but does no damage.
The ufetubus misses you.
A tentacle flies out from the starspawn's body!
A starspawn tentacle comes into view.
You barely miss the orange demon. You barely miss the orange demon.
The orange demon stings you.
You die...

### . .# # w##.
##..#.#
#.....#§.#... .
. .# #.#.# #..#
#..#. ######.#
% #w...§#......
# #X5#§##.# .
.# #4##.##...#
.# ..#.@#. #
...#.# # ######
4#.....# ###
#.#.#.#.. ..
..##...# ..
...4.#...#....#
.. #.###...
...#. . . #
#### #..§. .
#....###. .. .
#. ##.. .. ###


You could see a tentacled starspawn, an orange demon and a starspawn tentacle.

Vanquished Creatures (others)
  5 starspawn tentacles (Abyss:1)
5 creatures vanquished.

Notes
Turn   | Place    | Note
-------+----------+-------------------------------------------
     0 | Abyss:1  | glosham the Hill Orc Abyssal Knight began the quest for the Orb.
     0 | Abyss:1  | Reached XP level 1. HP: 19/19 MP: 2/2
    37 | Abyss:1  | Noticed a flying skull
    60 | Abyss:1  | Noticed an orange demon
    65 | Abyss:1  | Noticed a smoke demon
    65 | Abyss:1  | Noticed a tentacled starspawn
    79 | Abyss:1  | Slain by an orange demon

Vault maps used:

Action                   || total
-------------------------++-------
Melee: Hand axe          ||     8
  Use: Potion            ||     1
Armor: Leather armour    ||     3
Dodge: Dodged            ||    19

Table legend:
 A = Spawn XP
 B = Non-spawn XP
 C = Spawn XP percentage of total XP
 D = Spawn monster count
 E = Non-spawn monster count
 F = Spawn count percentage of total count
 G = Total turns spent on level
                    A         B        C        D         E        F      G
               +---------+---------+-------+---------+---------+-------+---------
         Total |       0 |       0 |   N/A |       0 |       0 |   N/A |    79
               +---------+---------+-------+---------+---------+-------+---------
               +---------+---------+-------+---------+---------+-------+---------

Table legend:
 A = Turns spent in this place as a percentage of turns spent in the entire game.
 B = Non-inter-level travel turns spent in this place as a percentage of non-inter-level travel turns spent in the entire game.
 C = Inter-level travel turns spent in this place as a percentage of turns spent in this place.
 D = Turns resting spent in this place as a percentage of non-inter-level travel turns spent in this place.
 E = Turns spent auto-exploring this place as a percentage of non-inter-level travel turns spent in this place.
 F = Non-inter-level travel turns spent in this place divided by the number of levels of this place that you've seen.
                   A       B       C       D       E      F
               +-------+-------+-------+-------+-------+----------------------
         Total | 100.0 | 100.0 |   0.0 |   0.0 |   0.0 |  79.0
         Abyss | 100.0 | 100.0 |   0.0 |   0.0 |   0.0 |  79.0
               +-------+-------+-------+-------+-------+----------------------

Vault maps used:
